 Dungeon Sprint DCSS version 0.31-a0-845-g9abc20d24f (webtiles) character file.

Game seed: 633559643650416963

6243 rocky1 the Timeless (level 10, -3/99 HPs)
             Began as a Naga Fighter on Oct 2, 2023.
             Was a High Priest of Cheibriados.
             Slain by an alligator snapping turtle (27 damage)
             ... in the Dungeon (Sprint VII: "The Pits").
             The game lasted 00:04:33 (1834 turns).

rocky1 the Timeless (Naga Fighter)                  Turns: 1834, Time: 00:04:34

Health: -3/99      AC: 16    Str: 33    XL:     10   Next: 93%
Magic:  13/20      EV: 12    Int: 25    God:    Cheibriados [*****.]
Gold:   0          SH:  7    Dex: 23    Spells: 9/9 levels left

rFire   . . .        a - +0 flail
rCold   . . .        c - +0 buckler
rNeg    . . .        u - +5 ring mail
rPois   +            s - +0 helmet
rElec   .            r - +0 cloak
rCorr   .            (no gloves)
SInv    +            (no barding)
Will    +....        (no amulet)
Stlth   +++          (no ring)
HPRegen 0.36/turn    (no ring)
MPRegen 0.17/turn

%: no teleportation
@: mighty, invisible, very slow
A: AC +3, large, see invisible, deformed body, poison resistance, slowness 2,
spit poison 1, naga tail 1
a: Spit Poison, Renounce Religion, Bend Time, Temporal Distortion, Slouch, Step
From Time


You were in the Dungeon.
You worshipped Cheibriados.
Cheibriados was extremely pleased with you.
You visited 1 branch

Inventory:

Hand Weapons
 a - a +0 flail (weapon)
 b - a +1 heavy mace
 v - a +2 heavy morningstar
Armour
 c - a +0 buckler (worn)
 p - a +3 ring mail
 r - a +0 cloak (worn)
 s - a +0 helmet (worn)
 t - a +3 plate armour
 u - a +5 ring mail (worn)
Jewellery
 g - a +3 ring of protection
 i - a +3 ring of dexterity
Scrolls
 j - a scroll of blinking
 l - 2 scrolls of vulnerability
 m - 5 scrolls of amnesia
 n - a scroll of summoning
Potions
 d - a potion of might
 e - 7 potions of curing
 f - 5 potions of heal wounds
 h - 3 potions of magic
 o - 2 potions of mutation
 q - 2 potions of brilliance


   Skills:
 + Level 9.4 Fighting
 * Level 12.3 Maces & Flails
 + Level 10.5 Armour
 + Level 4.4 Dodging
 + Level 6.7 Stealth
 + Level 8.9 Shields
 * Level 14.2 Invocations


You had 9 spell levels left.
You didn't know any spells.
Your spell library was empty.

Dungeon Overview and Level Annotations

Branches:
Dungeon (1/1)

Altars:
Ashenzari
Cheibriados
Dithmenos
Elyvilon
Fedhas
Gozag
Hepliaklqana
Kikubaaqudgha
Makhleb
Nemelex Xobeh
Okawaru
Qazlal
Ru
Sif Muna
Trog
Uskayaw
Vehumet
Wu Jian
Xom
Yredelemnul
Zin
The Shining One
Jiyva
Lugonu


Innate Abilities, Weirdness & Mutations

Your serpentine skin is tough. (AC +3)
You have supernaturally acute eyesight. (SInv)
Armour fits poorly on your strangely shaped body.
Your system is resistant to poisons. (rPois)
You cover ground very slowly.
You can spit poison.
You have a snake-like lower body.


Message History

You kill the elephant!
Cheibriados appreciates the change of pace.
Cheibriados lowers the support of your attributes as your movement quickens.
Your Invocations skill increases to level 14!
The alligator snapping turtle bites you.
The alligator snapping turtle bites you but does no damage.
You catch the helpless alligator snapping turtle completely off-guard!
You hit the alligator snapping turtle.
The alligator snapping turtle is severely wounded.
The alligator snapping turtle bites you!!
* * * LOW HITPOINT WARNING * * *
You catch the helpless alligator snapping turtle completely off-guard!
You hit the alligator snapping turtle but do no damage.
The alligator snapping turtle is severely wounded.
The alligator snapping turtle barely misses you.
You hit the alligator snapping turtle but do no damage.
The alligator snapping turtle is severely wounded.
You feel much better.
The alligator snapping turtle closely misses you.
You hit the alligator snapping turtle.
The alligator snapping turtle is severely wounded.
The alligator snapping turtle bites you!!
* * * LOW HITPOINT WARNING * * *
You feel much better.
The alligator snapping turtle completely misses you.
You feel much better.
You feel very mighty all of a sudden.
The alligator snapping turtle bites you!!
* * * LOW HITPOINT WARNING * * *
Unknown command.
You catch the helpless alligator snapping turtle completely off-guard!
You hit the alligator snapping turtle but do no damage.
The alligator snapping turtle is severely wounded.
The alligator snapping turtle bites you but does no damage.
You hit the alligator snapping turtle.
The alligator snapping turtle is severely wounded.
You sock the alligator snapping turtle!
The alligator snapping turtle is severely wounded.
The alligator snapping turtle bites you!!
You die...

+.. ....#..
+..........#
#..........#
#..#....#..#
+..........#
+..........#
#..#....#..#
#...)......+
#..@.......+
###t'####''#
###)'####''#########
#......##........)..
#.#'##.##...........
#.#.='.##..#########
# +::# ##..# #).+
#..# #++##########
+=:# #..#


You could see an alligator snapping turtle (unable to see you).

Vanquished Creatures
  A vampire knight (D)
  An eidolon (D)
  A rakshasa (D)
  A merfolk avatar (D)
  An orc knight (D)
  3 elephants (D)
  An ice devil (D)
  A red devil (D)
  An efreet (D)
  Grinder (D)
  A hellwing (D)
  A jumping spider (D)
  Menkaure (D)
  A warg (D)
  A floating eye (D)
  An ice beast (D)
  A centaur (D)
  3 wolves (D)
  A phantom (D)
  A kobold brigand (D)
  A hound (D)
  A jelly (D)
  2 adders (D)
  An ufetubus (D)
  2 endoplasms (D)
  A goblin (D)
  A hobgoblin (D)
  2 quokkas (D)
  A ball python (D)
  2 bats (D)
  A jackal zombie (D)
39 creatures vanquished.

Notes
Turn   | Place    | Note
-------+----------+-------------------------------------------
     0 | D        | rocky1 the Naga Fighter began the quest for the Orb.
     0 | D        | Reached XP level 1. HP: 21/21 MP: 1/1
    41 | D        | Found a bloodstained altar of Trog.
    41 | D        | Found a shimmering blue altar of Sif Muna.
    41 | D        | Found a viscous altar of Jiyva.
    41 | D        | Found a hazy altar of Hepliaklqana.
    41 | D        | Found an opulent altar of Gozag.
    42 | D        | Found a glowing golden altar of the Shining One.
    42 | D        | Found a glowing silver altar of Zin.
    42 | D        | Found a basalt altar of Yredelemnul.
    42 | D        | Found a shimmering altar of Xom.
    42 | D        | Found an ornate altar of the Wu Jian Council.
    42 | D        | Found a sacrificial altar of Ru.
    42 | D        | Found a stormy altar of Qazlal.
    42 | D        | Found an iron altar of Okawaru.
    42 | D        | Found a sparkling altar of Nemelex Xobeh.
    42 | D        | Found a burning altar of Makhleb.
    42 | D        | Found a blossoming altar of Fedhas.
    42 | D        | Found a white marble altar of Elyvilon.
    42 | D        | Found a shadowy altar of Dithmenos.
    42 | D        | Found a snail-covered altar of Cheibriados.
    44 | D        | Found a radiant altar of Vehumet.
    44 | D        | Found a corrupted altar of Lugonu.
    45 | D        | Found a hide-covered altar of Uskayaw.
    45 | D        | Found an ancient bone altar of Kikubaaqudgha.
    45 | D        | Found a broken altar of Ashenzari.
    53 | D        | Became a worshipper of Cheibriados the Contemplative
    91 | D        | Reached * piety under Cheibriados
   101 | D        | Noticed a floating eye
   103 | D        | Reached ** piety under Cheibriados
   103 | D        | Paralysed by a floating eye for 3 turns
   109 | D        | Paralysed by a floating eye for 4 turns
   113 | D        | Killed a floating eye
   114 | D        | Reached skill level 5 in Fighting
   114 | D        | Reached skill level 3 in Invocations
   114 | D        | Reached XP level 2. HP: 32/32 MP: 1/4
   114 | D        | Reached XP level 3. HP: 39/39 MP: 1/5
   114 | D        | Reached XP level 4. HP: 46/46 MP: 1/6
   366 | D        | Noticed an ice beast
   371 | D        | Reached *** piety under Cheibriados
   373 | D        | Killed an ice beast
   374 | D        | Reached skill level 5 in Armour
   374 | D        | Reached skill level 1 in Dodging
   374 | D        | Reached skill level 5 in Shields
   374 | D        | Reached skill level 4 in Invocations
   374 | D        | Reached XP level 5. HP: 54/54 MP: 6/8
   490 | D        | Noticed a kobold brigand
   493 | D        | Noticed Menkaure
   501 | D        | Killed a kobold brigand
   501 | D        | Reached **** piety under Cheibriados
   502 | D        | Reached skill level 5 in Invocations
   502 | D        | Reached XP level 6. HP: 62/62 MP: 8/10
   507 | D        | Killed Menkaure
   508 | D        | Reached skill level 5 in Maces & Flails
   508 | D        | Reached skill level 6 in Invocations
   518 | D        | Reached XP level 7. HP: 51/70 MP: 11/11
   553 | D        | Reached ***** piety under Cheibriados
   685 | D        | Noticed an orc knight
   698 | D        | Killed an orc knight
   699 | D        | Reached skill level 1 in Stealth
   699 | D        | Reached skill level 8 in Invocations
   699 | D        | Reached XP level 8. HP: 45/80 MP: 12/14
   701 | D        | Noticed Grinder
   716 | D        | Paralysed by Grinder for 5 turns
   724 | D        | Killed Grinder
  1057 | D        | Noticed a red devil
  1058 | D        | Reached ****** piety under Cheibriados
  1059 | D        | Reached skill level 9 in Invocations
  1063 | D        | Killed a red devil
  1064 | D        | Reached XP level 9. HP: 50/88 MP: 10/16
  1542 | D        | Noticed a hellwing
  1542 | D        | Noticed a merfolk avatar
  1546 | D        | Killed a hellwing
  1552 | D        | Killed a merfolk avatar
  1553 | D        | Reached skill level 10 in Maces & Flails
  1553 | D        | Reached skill level 10 in Invocations
  1617 | D        | Noticed an efreet
  1629 | D        | Killed an efreet
  1778 | D        | Noticed a +2 battleaxe of venom
  1812 | D        | Noticed a vampire knight
  1812 | D        | Noticed a rakshasa
  1812 | D        | Noticed an ice devil
  1812 | D        | Noticed an alligator snapping turtle
  1812 | D        | Noticed an elephant
  1812 | D        | Noticed an elephant
  1812 | D        | Noticed an elephant
  1812 | D        | Noticed an eidolon
  1816 | D        | Killed a vampire knight
  1816 | D        | Killed an ice devil
  1817 | D        | Reached skill level 5 in Stealth
  1817 | D        | Reached skill level 11 in Invocations
  1817 | D        | Reached XP level 10. HP: 69/99 MP: 7/18
  1817 | D        | Killed a rakshasa
  1817 | D        | Killed an eidolon
  1817 | D        | Killed an elephant
  1818 | D        | Reached skill level 10 in Armour
  1818 | D        | Reached skill level 13 in Invocations
  1819 | D        | Killed an elephant
  1822 | D        | Killed an elephant
  1823 | D        | Reached skill level 14 in Invocations
  1828 | D        | HP: 2/99 [alligator snapping turtle (35)]
  1834 | D        | Slain by an alligator snapping turtle

Illustrated notes

Levels and vault maps discovered:
D:        pitsprint [storerooms_1, entrance_room_1, metal_vault_6, armoury_1,
          mini_pit_1, grid_room_1, main_hall_1, silver_pit, the_coven_2,
          the_vestibule_1, steel_vault_2, golden_pit, hallway_of_sentries,
          crystal_vault_4, iron_vault_4, final_vault]

Skill      XL: |  1  2  3  4  5  6  7  8  9 10 |
---------------+-------------------------------+-----
Shields        | 4 5 6 7 8 |  8.9
Fighting       | 5 6 7 8 9 |  9.4
Maces & Flails | 3 4 5 7 9 11 12 | 12.3
Armour         | 4 5 6 7 8 9 10 | 10.5
Invocations    | 3 4 5 6 8 9 11 14 | 14.2
Dodging        | 1 2 3 4 |  4.4
Stealth        | 1 3 5 6 |  6.7

Action                     |  1- 3 |  4- 6 |  7- 9 | 10-12 || total
---------------------------+-------+-------+-------+-------++-------
  Melee: Flail             |    27 |    29 |    61 |     7 ||   124
 Invoke: Slouch            |       |       |     6 |     3 ||     9
    Use: Potion            |       |     2 |     3 |     7 ||    12
   Stab: Invisible         |       |       |     1 |     3 ||     4
         Sleeping          |       |       |     2 |       ||     2
 Armour: Scale mail        |    33 |     8 |       |       ||    41
         Ring mail         |       |    19 |    50 |    10 ||    79
  Dodge: Dodged            |    20 |    16 |    19 |     3 ||    58
  Block: Buckler           |    11 |    11 |    23 |       ||    45

Table legend: (Time is in decaauts)
 A = Elapsed time spent in this place.
 B = Non-inter-level travel time spent in this place.
 C = Inter-level travel time spent in this place.
 D = Time resting spent in this place.
 E = Time spent auto-exploring this place.
 F = Levels seen in this place.
 G = Mean time per level.
                   A        B        C        D        E       F      G
               +--------+--------+--------+--------+--------+-----+--------+
         Total |   2344 |   2186 |    158 |   1276 |      0 |   1 | 2344.0 |
       Dungeon |   2344 |   2186 |    158 |   1276 |      0 |   1 | 2344.0 |
               +--------+--------+--------+--------+--------+-----+--------+

Top non-repeatable levels by time:
       D: 2344 daAuts
